 Dungeon Crawl Stone Soup version 0.27.1-33-g824d729ab1 (webtiles) character file.

Game seed: 2377157869719620645

5224 Aksej the Carver (level 10, -12/79 HPs)
             Began as a Demonspawn Monk on Nov 28, 2021.
             Was an Elder of Wu Jian.
             Mangled by a tengu warrior (13 damage)
             ... on level 8 of the Dungeon.
             The game lasted 00:28:52 (9092 turns).

Aksej the Carver (Demonspawn Monk)                  Turns: 9092, Time: 00:28:53

Health: -12/79     AC:  8    Str: 12    XL:     10   Next: 35%
Magic:  0/10       EV: 14    Int:  8    God:    Wu Jian [****..]
Gold:   602        SH:  8    Dex: 26    Spells: 8/10 levels left

rFire    . . .     SeeInvis .   a - +3 scimitar of the Eight Nights {pain, rPois Int-3 Dex+7}
rCold    . . .     Faith    .   p - +0 kite shield
rNeg     + . .     Spirit   +   b - +0 robe
rPois    +         Reflect  .   c - +1 hat
rElec    .         Harm     .   (no cloak)
rCorr    .         Rampage  .   i - +0 pair of gloves
Will     .....                  k - +2 pair of boots
Stlth    ++++......             l - amulet of guardian spirit
HPRegen  0.23/turn              h - ring of positive energy
MPRegen  0.12/turn              (no ring)

@: no status effects
A: claws 1, powered by pain 2, sharp scales 1
a: Renounce Religion, Wall Jump, Serpent's Lash


You were on level 8 of the Dungeon.
You worshipped Wu Jian.
Wu Jian was greatly pleased with you.
You visited 2 branches of the dungeon, and saw 9 of its levels.

You collected 1092 gold pieces.
You spent 490 gold pieces at shops.

Inventory:

Hand Weapons
 a - the +3 scimitar of the Eight Nights (weapon) {pain, rPois Int-3 Dex+7}
   (You bought it in a shop on level 7 of the Dungeon)

   In the hands of one skilled in necromantic magic, it inflicts extra damage on
   living creatures.
   Int:       It affects your intelligence (-3).
   Dex:       It affects your dexterity (+7).
   rPois:     It protects you from poison.
 q - a +7 scimitar of protection
Missiles
 s - 5 boomerangs (quivered)
 v - 6 javelins
Armour
 b - a +0 robe (worn)
 c - a +1 hat (worn)
 i - a +0 pair of gloves (worn)
 k - a +2 pair of boots (worn)
 p - a +0 kite shield (worn)
Jewellery
 f - a ring of flight
 h - a ring of positive energy (left hand)
 l - an amulet of guardian spirit (around neck)
 u - a ring of fire
Wands
 d - a wand of iceblast (9)
 t - a wand of charming (10)
Scrolls
 e - 3 scrolls of summoning
 o - 4 scrolls of teleportation
 w - a scroll of identify
 x - a scroll of amnesia
Potions
 g - 5 potions of brilliance
 j - 5 potions of curing
 m - 2 potions of flight


   Skills:
 + Level 7.3 Fighting
 + Level 10.6 Long Blades
 + Level 0.1 Throwing
 + Level 5.9 Dodging
 + Level 5.5 Stealth
 + Level 0.8 Shields
 + Level 0.6 Spellcasting
 + Level 0.4 Necromancy
 + Level 0.2 Transmutations
 + Level 0.3 Poison Magic


You had 8 spell levels left.
You knew the following spells:

 Your Spells              Type           Power      Damage    Failure   Level
a - Sting                 Tmut/Pois      0%         1d3       92%         1
b - Animate Skeleton      Necr           0%         N/A       91%         1

Your spell library contained the following spells:

 Spells                   Type           Power      Damage    Failure   Level
 Apportation              Tloc           0%         N/A       95%         1
 Corona                   Hex            0%         N/A       95%         1
 Summon Small Mammal      Summ           0%         N/A       95%         1
 Sublimation of Blood     Necr           0%         N/A       97%         2
 Poisonous Vapours        Pois/Air       0%         N/A       98%         2
 Wereblood                Tmut           0%         N/A       98%         2
 Gell's Gravitas          Tloc           0%         N/A       100%        3
 Lesser Beckoning         Tloc           0%         N/A       100%        3
 Teleport Other           Tloc           0%         N/A       100%        3
 Olgreb's Toxic Radiance  Pois           0%         N/A       100%        4
 Summon Hydra             Summ           0%         N/A       100%        7


Dungeon Overview and Level Annotations

Branches:
Dungeon (8/15)             Temple (1/1) D:4            Lair (0/6) D:8

Altars:
Dithmenos
Fedhas
Gozag
Kikubaaqudgha
Makhleb
Nemelex Xobeh
Okawaru
Sif Muna
Trog
Vehumet
Wu Jian
Xom
Yredelemnul
The Shining One

Shops:
D:7 (

Annotations:
D:6 4 runed translucent doors, Edmund


Innate Abilities, Weirdness & Mutations

You have sharp fingernails.
You sometimes gain power by taking damage.
You are partially covered in razor-sharp scales. (AC +1, Slay +1)


Message History

The tengu warrior is moderately wounded.
You block the tengu warrior's attack. The tengu warrior pecks you.
* * * LOW HITPOINT WARNING * * *
The tengu warrior claws you but does no damage.
Unknown command.
You slash the tengu warrior!
The tengu warrior is heavily wounded.
The tengu warrior hits you with a +0 long sword.
* * * LOW HITPOINT WARNING * * *
The tengu warrior pecks you.
* * * LOW HITPOINT WARNING * * *
You block the tengu warrior's attack.
You slash the tengu warrior!
The tengu warrior is almost dead.
The tengu warrior hits you but does no damage.
The tengu warrior closely misses you.
The tengu warrior claws you but does no damage.
You hit the tengu warrior.
The tengu warrior is almost dead.
The tengu warrior hits you with a +0 long sword.
* * * LOW HITPOINT WARNING * * *
You block the tengu warrior's attack. x2
Unknown command.
The tengu warrior blocks your attack.
The tengu warrior is almost dead.
The tengu warrior hits you with a +0 long sword.
* * * LOW HITPOINT WARNING * * *
The tengu warrior pecks you. The tengu warrior claws you.
* * * LOW HITPOINT WARNING * * *
Unknown command.
The tengu warrior blocks your attack.
The tengu warrior is almost dead.
The tengu warrior hits you with a +0 long sword!
* * * LOW HITPOINT WARNING * * *
You block the tengu warrior's attack. The tengu warrior closely misses you.
Unknown command.
The tengu warrior blocks your attack.
The tengu warrior is almost dead.
The tengu warrior hits you with a +0 long sword!
You die...

r..?....[.
........[.
##.>.#$...
$.Yo.#$o.. #####
"..o.Y ... #..<#
..... .. ##.##
..... ..
#.######.# #..#.
#. #.##.....# ##.#
####.##.##@# # .#
#......#..#Q# #
#.#.##...#..#9#
...........s.####
....#####.......#
..###...).......#
..#....))####...#
.##.........##..#
.#...###....)#....


You could see a tengu warrior, an orb spider shaped shifter and a gargoyle.

Vanquished Creatures
  A death yak (D:8)
  Pikel (D:5)
  A hornet (D:5)
  A troll (D:6)
  Prince Ribbit (D:5)
  Sigmund (D:3)
  Eustachio (D:5)
  2 acid dragons (D:6)
  A water moccasin (D:6)
  A black bear (D:5)
  An ice beast (D:6)
  2 sky beasts
  2 necrophages
  5 ogres
  3 centaurs
  4 lemures (D:5)
  A kobold brigand (D:5)
  A bullfrog (D:8)
  2 wyvern zombies
  7 killer bees (D:8)
  2 water moccasin skeletons
  A howler monkey (D:7)
  An electric eel (D:7)
  2 bullfrog zombies (D:5)
  A centaur zombie (D:7)
  2 hounds
  6 jellies
  A gnoll shaman (D:7)
  An orc priest (D:7)
  A centaur skeleton (D:4)
  3 bullfrog skeletons
  3 iguanas
  3 orc wizards
  A killer bee zombie (D:6)
  A hound skeleton (D:4)
  3 gnolls (D:7)
  10 adders
  A shadow imp (D:5)
  2 white imps
  3 dart slugs
  A worm (D:5)
  20 orcs
  8 endoplasms
  7 giant cockroaches
  11 goblins
  5 hobgoblins
  10 quokkas
  7 ball pythons
  3 bats
  5 frilled lizards
  24 kobolds
  6 rats
194 creatures vanquished.

Vanquished Creatures (others)
  28 plants (D:5)
28 creatures vanquished.

Grand Total: 222 creatures vanquished

Notes
Turn   | Place    | Note
-------+----------+-------------------------------------------
     0 | D:1      | Aksej the Demonspawn Monk began the quest for the Orb.
     0 | D:1      | Reached XP level 1. HP: 18/18 MP: 1/1
   526 | D:1      | Gained mutation: You sometimes gain a little power by
                  | taking damage. [demonic ancestry]
   526 | D:1      | Reached XP level 2. HP: 24/24 MP: 2/2
   554 | D:1      | Found a faded altar of an unknown god.
  1623 | D:2      | Reached skill level 3 in Long Blades
  1731 | D:2      | Gained mutation: You are partially covered in razor-sharp
                  | scales. (AC +1, Slay +1) [demonic ancestry]
  1731 | D:2      | Reached XP level 3. HP: 28/29 MP: 3/3
  2472 | D:3      | Reached XP level 4. HP: 21/35 MP: 4/4
  2670 | D:3      | Identified 2 scrolls of acquirement
  2670 | D:3      | Acquired a +5 scimitar of protection
  2769 | D:3      | Reached skill level 4 in Long Blades
  2769 | D:3      | Reached XP level 5. HP: 29/42 MP: 5/5
  2786 | D:3      | Acquired 785 gold pieces
  3053 | D:3      | Noticed Sigmund
  3086 | D:3      | Killed Sigmund
  3087 | D:3      | Reached XP level 6. HP: 28/48 MP: 6/6
  3668 | D:4      | Reached skill level 5 in Long Blades
  4239 | D:4      | Found a staircase to the Ecumenical Temple.
  4245 | Temple   | Entered the Ecumenical Temple
  4360 | Temple   | Became a worshipper of the Wu Jian Council
  4360 | Temple   | Reached * piety under Wu Jian
  4360 | Temple   | Reached ** piety under Wu Jian
  4544 | D:4      | Learned a level 1 spell: Sting
  4614 | D:4      | Found a basalt altar of Yredelemnul.
  4663 | D:5      | Entered Level 5 of the Dungeon
  4663 | D:5      | Noticed Prince Ribbit
  4675 | D:5      | Killed Prince Ribbit
  4676 | D:5      | Reached skill level 6 in Long Blades
  4676 | D:5      | Reached XP level 7. HP: 37/55 MP: 4/7
  4923 | D:5      | Reached XP level 8. HP: 61/61 MP: 8/8
  4953 | D:5      | Reached skill level 7 in Long Blades
  4963 | D:5      | Reached skill level 5 in Fighting
  5145 | D:5      | Noticed Eustachio
  5161 | D:5      | Killed Eustachio
  5315 | D:5      | Noticed a hornet
  5318 | D:5      | Paralysed by a hornet for 3 turns
  5327 | D:5      | Killed a hornet
  5328 | D:5      | Reached skill level 8 in Long Blades
  5620 | D:5      | Reached *** piety under Wu Jian
  5850 | D:5      | Noticed Pikel
  5870 | D:5      | Killed Pikel
  5871 | D:5      | Gained mutation: You sometimes gain power by taking damage.
                  | [demonic ancestry]
  5871 | D:5      | Reached XP level 9. HP: 56/69 MP: 9/9
  5957 | D:5      | Reached skill level 9 in Long Blades
  6277 | D:6      | Reached skill level 5 in Dodging
  6466 | D:6      | Found a large runed translucent door.
  6466 | D:6      | Found a large runed translucent door.
  6468 | D:6      | Noticed a troll
  6468 | D:6      | Noticed a cyclops
  6476 | D:6      | Found a large runed translucent door.
  6476 | D:6      | Found a large runed translucent door.
  6616 | D:6      | Reached skill level 10 in Long Blades
  6746 | D:6      | Learned a level 1 spell: Animate Skeleton
  6826 | D:6      | Noticed a troll
  6839 | D:6      | Killed a troll
  7079 | D:6      | Noticed Edmund
  7206 | D:7      | Gained mutation: You have sharp fingernails. [demonic
                  | ancestry]
  7206 | D:7      | Reached XP level 10. HP: 75/77 MP: 8/10
  7224 | D:7      | Acquired a +1 hat
  7306 | D:7      | Found Hietefo's Weapon Shop.
  7321 | D:7      | Bought the +3 scimitar of the Eight Nights {pain, rPois
                  | Int-3 Dex+7} for 490 gold pieces
  7347 | D:7      | Reached skill level 5 in Stealth
  8329 | D:8      | Noticed a death yak
  8351 | D:8      | Noticed a death yak
  8353 | D:8      | Found a staircase to the Lair.
  8353 | D:8      | Noticed a death yak
  8382 | D:8      | Killed a death yak
  9059 | D:8      | Noticed a cane toad
  9060 | D:8      | Noticed a gargoyle
  9062 | D:8      | Noticed a tengu warrior
  9065 | D:8      | Reached **** piety under Wu Jian
  9074 | D:8      | Noticed an orb spider
  9074 | D:8      | a cane toad changed into an orb spider
  9091 | D:8      | HP: 1/79 [tengu warrior (6)]
  9092 | D:8      | Mangled by a tengu warrior

Illustrated notes

Levels and vault maps discovered:
D:1:      heliophobic_arrival_glass_houses, layout_loops_corners,
          ebering_ecumenical_altar_hall, hangedman_decor_peaks_small
D:2:      layout_loops_cross
D:3:      layout_loops_ring, gup_sewer_entry_spiral, uniq_sigmund
D:4:      layout_gridville, nicolae_overflow_hidden_temple,
          minmay_temple_entry_enclosed_plants, kennysheep_small_circle
D:5:      kennysheep_kobold_camp, layout_cave_pods, minmay_quadrilaterals,
          uniq_pikel, uniq_prince_ribbit1, uniq_eustachio
D:6:      layout_gridville, lemuel_round_altar, minmay_hollow_rounded_squares,
          uniq_edmund
D:7:      layout_rooms, old_standard_altar, serial_shops, shop,
          water_maze_lemuel
D:8:      layout_basic, dpeg_lair_monsters, minmay_radiant
Temple:   hc_temple_tempest_star

Skill      XL: |  1  2  3  4  5  6  7  8  9 10 |
---------------+-------------------------------+-----
Dodging        | 3 4 5 |  5.9
Long Blades    | 3 4 6 8 10 | 10.6
Stealth        | 2 3 4 5 |  5.5
Fighting       | 4 5 6 7 |  7.3
Throwing       | |  0.1
Shields        | |  0.8
Spellcasting   | |  0.6
Necromancy     | |  0.4
Transmutations | |  0.2
Poison Magic   | |  0.3

Action                   |  1- 3 |  4- 6 |  7- 9 | 10-12 || total
-------------------------+-------+-------+-------+-------++-------
Melee: Falchion          |    98 |     5 |       |       ||   103
       Scimitar          |       |   125 |   258 |   126 ||   509
Throw: Boomerang         |       |       |       |     1 ||     1
 Cast: Sting             |       |       |     2 |       ||     2
       Animate Skeleton  |       |       |     2 |       ||     2
Invok: Lunge             |       |     3 |    16 |     3 ||    22
       Whirlwind         |       |     2 |    73 |    33 ||   108
  Use: Scroll            |     5 |     8 |     6 |     5 ||    24
       Potion            |     1 |     2 |     4 |     6 ||    13
 Stab: Sleeping          |     7 |     6 |    11 |     5 ||    29
       Distracted        |       |     1 |       |     1 ||     2
Armor: Robe              |    16 |    33 |    85 |    43 ||   177
Dodge: Dodged            |    66 |    74 |   165 |    88 ||   393
Block: Kite shield       |       |       |       |    59 ||    59
       Rpst.: Falchion   |    16 |     2 |       |       ||    18
       Scimitar          |       |    20 |    47 |    26 ||    93
